 Dungeon Crawl Stone Soup version 0.30-a0-172-gc5509c9e31 (webtiles) character file.

Game seed: 3136502540768120026

20 KennySheep the Cudgeller (level 3, -11/30 (31) HPs)
             Began as a Meteoran Monk on Oct 2, 2022.
             Mangled by Sigmund
             ... wielding a +6 vorpal scythe
              (16 damage)
             ... on level 2 of the Dungeon.
             The game lasted 00:02:21 (792 turns).

KennySheep the Cudgeller (Meteoran Monk)             Turns: 792, Time: 00:02:21

HP:   -11/30 (31)   AC:  2    Str: 15    XL:     3   Next: 14%
MP:   4/4           EV: 17    Int: 11    God:
Gold: 50            SH:  0    Dex: 16    Spells: 2/2 levels left

rFire   . . .      SeeInvis .    a - +0 mace
rCold   . . .      Faith    +    (no shield)
rNeg    . . .      Spirit   .    b - +0 robe
rPois   .          Reflect  .    (no helmet)
rElec   .          Harm     .    (no cloak)
rCorr   .          Rampage  .    (no gloves)
Will    .....                    (no boots)
Stlth   +.........               d - amulet of faith
HPRegen 0.25/turn                f - +4 ring of evasion
MPRegen 0.09/turn                (no ring)

@: glowing, lightly drained
A: sense surroundings 1, otherworldly, glowing, explore regen
a: no special abilities


You were on level 2 of the Dungeon.
You visited 1 branch of the dungeon, and saw 2 of its levels.

You collected 50 gold pieces.

Inventory:

Hand Weapons
 a - a +0 mace (weapon)
Armour
 b - a +0 robe (worn)
Jewellery
 d - an amulet of faith (around neck)
 f - a +4 ring of evasion (left hand)
Scrolls
 e - a scroll of butterflies {unknown}
Potions
 c - a potion of ambrosia


   Skills:
 + Level 3.5 Fighting
 * Level 4.7 Maces & Flails
 + Level 3.9 Dodging
 - Level 1.4 Stealth


You had 2 spell levels left.
You didn't know any spells.
Your spell library was empty.

Dungeon Overview and Level Annotations

Branches:
Dungeon (2/15) Zot: 397

Altars:

Shops:
D:1 :?[:

Annotations:
D:2 Sigmund


Innate Abilities, Weirdness & Mutations

You passively map a small area around you.
You are easily found by Zot.
You glow in the dark.
You regain HP and MP as you explore.


Message History

You escape the ball python's grasp.
Something hits you!
Ouch! That really hurt!
* * * LOW HITPOINT WARNING * * *
x2 The ball python bites you but does no damage.
The ball python misses you.
There is a stone staircase leading up here.
Something hits you.
* * * LOW HITPOINT WARNING * * *
x2 The spectral hobgoblin closely misses you.
The ball python closely misses you. The ball python misses you.
You climb upwards.
Reactivating autopickup.
There is a stone staircase leading down here.
You sock the ball python!
You kill the ball python!
No target in view!
You start waiting.
HP restored.
You climb downwards.
Level annotation: Sigmund The spectral hobgoblin completely misses you.
The spectral hobgoblin closely misses you.
There is a stone staircase leading up, spattered with blood here.
You hit the spectral hobgoblin.
You destroy the spectral hobgoblin!
Sigmund hits you with a +6 vorpal scythe!
You hit Sigmund.
Sigmund is heavily wounded.
Sigmund hits you with a +6 vorpal scythe.
You hit Sigmund but do no damage.
Sigmund is heavily wounded.
Sigmund hits you with a +6 vorpal scythe.
* * * LOW HITPOINT WARNING * * *
x2 You hit Sigmund but do no damage.
Sigmund is heavily wounded.
You closely miss Sigmund. Your punch misses Sigmund.
Sigmund is heavily wounded.
Sigmund hits you with a +6 vorpal scythe!
Ouch! That really hurt!
You die...

, .~~#~.~.~ .# *
#.##~~.~~~~#
#~#~~~~##.(# * # *
###.~8~#.~~.# * #.
#..~#~#~@.#**
#.####.#.~~~...#
#..............##
*
#..<........#...#
,
*#.##@###........#
#,*#@####.#####[+
, ** #......# .#,
#.###### .+ * #.#
*## * #.# * ..# *
* ###


You could see Sigmund.

Vanquished Creatures
  A worm (D:2)
  2 dart slugs (D:1)
  2 endoplasms (D:1)
  2 hobgoblins (D:1)
  2 ball pythons (D:1)
  2 bats
  A kobold (D:1)
  2 rats (D:1)
  A spectral hobgoblin (D:2)
15 creatures vanquished.

Notes
Turn   | Place    | Note
-------+----------+-------------------------------------------
     0 | D:1      | KennySheep the Meteoran Monk began the quest for the Orb.
     0 | D:1      | Reached XP level 1. HP: 19/19 MP: 2/2
    52 | D:1      | Found Iwidog's Armour Shop.
    53 | D:1      | Found Gomum's Book Shoppe.
    55 | D:1      | Found Baozoeck's Magic Scroll Boutique.
   126 | D:1      | Reached XP level 2. HP: 26/26 MP: 3/3
   235 | D:1      | Found Mecaseth's Book Shoppe.
   496 | D:1      | Glimpsed the power of Zot.
   543 | D:2      | Reached XP level 3. HP: 8/31 MP: 4/4
   553 | D:2      | Found a faded altar of an unknown god.
   553 | D:2      | Noticed Sigmund
   792 | D:2      | Mangled by Sigmund

Illustrated notes

Levels and vault maps discovered:
D:1:      co_arrival_random_square_maze, layout_basic, serial_shops, shop, shop,
          nicolae_shop_trees, shop
D:2:      layout_loops_ring, serial_aquarium, aquarium_bridge_long_joined
          [aquarium_subvault_window, aquarium_subvault_wall,
          aquarium_subvault_bridge, aquarium_subvault_bridge,
          aquarium_subvault_bridge, aquarium_subvault_balcony],
          aquarium_bridge_square [aquarium_subvault_wall,
          aquarium_subvault_window, aquarium_subvault_bridge,
          aquarium_subvault_window], aquarium_window_2, aquarium_window_1,
          aquarium_view_2d, aquarium_balcony_3b, aquarium_pool_S,
          dreamdust_ecumenical_altar_drowned_temple, uniq_crazy_yiuf_cottage,
          uniq_sigmund

Action                   || total
-------------------------++-------
Melee: Mace              ||    44
 Stab: Sleeping          ||     1
Armor: Robe              ||    12
Dodge: Dodged            ||    37

Table legend: (Time is in decaauts)
 A = Elapsed time spent in this place.
 B = Non-inter-level travel time spent in this place.
 C = Inter-level travel time spent in this place.
 D = Time resting spent in this place.
 E = Time spent auto-exploring this place.
 F = Levels seen in this place.
 G = Mean time per level.
                   A        B        C        D        E       F      G
               +--------+--------+--------+--------+--------+-----+--------+
         Total |    801 |    801 |      0 |    199 |    419 |   2 |  400.5 |
       Dungeon |    801 |    801 |      0 |    199 |    419 |   2 |  400.5 |
               +--------+--------+--------+--------+--------+-----+--------+

Top non-repeatable levels by time:
     D:1: 739 daAuts
     D:2: 62 daAuts
